TOP OF THE 1ST |
Chattanooga Lookouts batting - Pitching for Montgomery Biscuits : LHP Frank Rodriguez
|
Pitching: LHP Frank Rodriguez
|
|
Batting: SHB Manny Molina
|
0-0: Called Strike 0-1: Ball 1-1: Ground out 6-3 (Groundball, P, EV 83.8 MPH)
|
Batting: SHB Matt Urbani
|
0-0: Foul Ball, location: 2F 0-1: Ball 1-1: Ball 2-1: Ground out 6-3 (Groundball, 6, EV 90.6 MPH)
|
Batting: LHB Marshall Daul
|
0-0: Ball 1-0: Ball 2-0: Called Strike 2-1: Fly out, F8 (Flyball, 8RS, EV 91.2 MPH)
|
Top of the 1st over - 0 runs, 0 hits, 0 errors, 0 left on base; Chattanooga 0 - Montgomery 0 |
BOTTOM OF THE 1ST |
Montgomery Biscuits batting - Pitching for Chattanooga Lookouts : RHP Willie Romero
|
Pitching: RHP Willie Romero
|
|
Batting: RHB James Huddleston
|
0-0: Called Strike 0-1: Ball 1-1: Swinging Strike 1-2: Foul Ball, location: 2F 1-2: Strikes out swinging
|
Batting: SHB Joey Pacheco
|
0-0: Ball 1-0: Called Strike 1-1: Foul Ball, location: 2F 1-2: Foul Ball, location: 2F 1-2: Foul Ball, location: 2F 1-2: Foul Ball, location: 2F 1-2: Fly out, F9 (Flyball, 9D, EV 86.9 MPH)
|
Batting: RHB Alex Diaz
|
0-0: Ball 1-0: Called Strike 1-1: Ground out 5-3 (Groundball, 56S, EV 85.6 MPH)
|
Bottom of the 1st over - 0 runs, 0 hits, 0 errors, 0 left on base; Chattanooga 0 - Montgomery 0 |
TOP OF THE 2ND |
Chattanooga Lookouts batting - Pitching for Montgomery Biscuits : LHP Frank Rodriguez
|
Batting: RHB Leo Gonzalez
|
0-0: Ball 1-0: Ball 2-0: Swinging Strike 2-1: Ball 3-1: Foul Ball, location: 2F 3-2: Base on Balls
|
Batting: LHB Israel Montoya
|
0-0: Ball 1-0: 2-RUN HOME RUN (Flyball, 89XD, EV 105.0 MPH), Distance : 407 ft
|
Batting: RHB Michael McDonald
|
0-0: Called Strike 0-1: Swinging Strike 0-2: Ball 1-2: Ball 2-2: Foul Ball, location: 2F 2-2: Ball 3-2: Foul Ball, location: 2F 3-2: Strikes out swinging
|
Batting: RHB David Nardone
|
0-0: Called Strike 0-1: Ball 1-1: Ball 2-1: Fly out, F8 (Flyball, 8RXD, EV 93.1 MPH)
|
Batting: RHB Nick Phipps
|
0-0: Ball 1-0: Called Strike 1-1: DOUBLE (Popup, 5D, EV 71.2 MPH)
|
Batting: RHB John Dew
|
0-0: Ball 1-0: DOUBLE (Line Drive, 89XD, EV 104.4 MPH) Nick Phipps scores
|
Batting: SHB Manny Molina
|
0-0: Foul Ball, location: 2F 0-1: Foul Ball, location: 2F 0-2: Strikes out swinging
|
Top of the 2nd over - 3 runs, 3 hits, 0 errors, 1 left on base; Chattanooga 3 - Montgomery 0 |
BOTTOM OF THE 2ND |
Montgomery Biscuits batting - Pitching for Chattanooga Lookouts : RHP Willie Romero
|
Batting: LHB Eric Toney
|
0-0: Ball 1-0: Foul Ball, location: 2F 1-1: Swinging Strike 1-2: Foul Ball, location: 2F 1-2: Ball 2-2: Foul Ball, location: 2F 2-2: Foul Ball, location: 2F 2-2: Ball 3-2: SINGLE (Groundball, 6D, EV 98.1 MPH)
|
Batting: LHB Rich Matthews
|
0-0: Called Strike 0-1: Ball 1-1: Ball 2-1: Foul Ball, location: 2F 2-2: Strikes out looking
|
Batting: RHB Roberto Aispuro
|
0-0: Ball Pickoff Throw to First - Out! 1-3 1-0: Foul Ball, location: 2F 1-1: Ball 2-1: Foul Ball, location: 2F 2-2: Strikes out swinging
|
Bottom of the 2nd over - 0 runs, 1 hit, 0 errors, 0 left on base; Chattanooga 3 - Montgomery 0 |
TOP OF THE 3RD |
Chattanooga Lookouts batting - Pitching for Montgomery Biscuits : LHP Frank Rodriguez
|
Batting: SHB Matt Urbani
|
0-0: Ball 1-0: Ball 2-0: Ball 3-0: Called Strike 3-1: Base on Balls
|
Batting: LHB Marshall Daul
|
0-0: Fly out, F9 (Flyball, 9S, EV 95.0 MPH)
|
Batting: RHB Leo Gonzalez
|
0-0: Ball 1-0: Ball Wild Pitch! Matt Urbani to second 2-0: Called Strike 2-1: Called Strike 2-2: Strikes out swinging
|
Batting: LHB Israel Montoya
|
0-0: Ground out 5-3 (Groundball, 56, EV 93.8 MPH)
|
Top of the 3rd over - 0 runs, 0 hits, 0 errors, 1 left on base; Chattanooga 3 - Montgomery 0 |
BOTTOM OF THE 3RD |
Montgomery Biscuits batting - Pitching for Chattanooga Lookouts : RHP Willie Romero
|
Batting: LHB Angel Ruvalcaba
|
0-0: Ball 1-0: Ground out 4-3 (Groundball, 34D, EV 98.8 MPH)
|
Batting: RHB Dave Galloway
|
0-0: Ball 1-0: Ball 2-0: Called Strike 2-1: Ball 3-1: Base on Balls
|
Batting: RHB Khalil Walker
|
0-0: Fly out, F7 (Flyball, 7, EV 88.1 MPH)
|
Batting: RHB James Huddleston
|
0-0: Ball 1-0: Ball 2-0: Swinging Strike 2-1: Swinging Strike 2-2: Foul Ball, location: 2F 2-2: Foul Ball, location: 2F 2-2: Fielders Choice at 2nd, 6-4 (Groundball, 6, EV 81.2 MPH)
|
Bottom of the 3rd over - 0 runs, 0 hits, 0 errors, 1 left on base; Chattanooga 3 - Montgomery 0 |
TOP OF THE 4TH |
Chattanooga Lookouts batting - Pitching for Montgomery Biscuits : LHP Frank Rodriguez
|
Batting: RHB Michael McDonald
|
0-0: Ball 1-0: Ball 2-0: Ground out 4-3 (Groundball, 13, EV 93.1 MPH)
|
Batting: RHB David Nardone
|
0-0: Ball 1-0: Called Strike 1-1: Ball 2-1: Foul Ball, location: 2F 2-2: Foul Ball, location: 2F 2-2: Strikes out swinging
|
Batting: RHB Nick Phipps
|
0-0: Ball 1-0: Called Strike 1-1: Ball 2-1: Ball 3-1: Base on Balls
|
Batting: RHB John Dew
|
0-0: Ball 1-0: Fly out, F4 (Popup, 4, EV 60.0 MPH)
|
Top of the 4th over - 0 runs, 0 hits, 0 errors, 1 left on base; Chattanooga 3 - Montgomery 0 |
BOTTOM OF THE 4TH |
Montgomery Biscuits batting - Pitching for Chattanooga Lookouts : RHP Willie Romero
|
Batting: SHB Joey Pacheco
|
0-0: Ball 1-0: Foul Ball, location: 2F 1-1: Ball 2-1: Foul Ball, location: 2F 2-2: Ball 3-2: Base on Balls
|
Batting: RHB Alex Diaz
|
0-0: Foul Ball, location: 2F 0-1: Ball 1-1: Called Strike 1-2: Foul Ball, location: 2F 1-2: Ball 2-2: Ball 3-2: Fly out, F7 (Flyball, 7, EV 92.5 MPH)
|
Batting: LHB Eric Toney
|
0-0: Called Strike Joey Pacheco steals 2nd, throwing error, E2 Joey Pacheco to third 0-1: Ball 1-1: Swinging Strike 1-2: Strikes out swinging
|
Batting: LHB Rich Matthews
|
0-0: Ball 1-0: Called Strike 1-1: Ball 2-1: Ball 3-1: Swinging Strike 3-2: Strikes out swinging
|
Bottom of the 4th over - 0 runs, 0 hits, 1 error, 1 left on base; Chattanooga 3 - Montgomery 0 |
TOP OF THE 5TH |
Chattanooga Lookouts batting - Pitching for Montgomery Biscuits : LHP Frank Rodriguez
|
Batting: SHB Manny Molina
|
0-0: Ball 1-0: Foul Ball, location: 2F 1-1: Ball 2-1: Foul Ball, location: 2F 2-2: Foul Ball, location: 2F 2-2: Ball 3-2: Foul Ball, location: 2F 3-2: Base on Balls
|
Batting: SHB Matt Urbani
|
0-0: Ball 1-0: Ball 2-0: Ball 3-0: Base on Balls Manny Molina to second
|
Batting: LHB Marshall Daul
|
0-0: Fly out, F8 (Flyball, 8RXD, EV 86.2 MPH) Runner from 2nd tags up, SAFE at 3rd, no throw by CF
|
Batting: RHB Leo Gonzalez
|
0-0: Ball Matt Urbani steals 2nd base 1-0: Foul Ball, location: 2F 1-1: Swinging Strike 1-2: Strikes out swinging
|
Batting: LHB Israel Montoya
|
0-0: Ball 1-0: Ball 2-0: Called Strike 2-1: Swinging Strike 2-2: Strikes out swinging
|
Top of the 5th over - 0 runs, 0 hits, 0 errors, 2 left on base; Chattanooga 3 - Montgomery 0 |
BOTTOM OF THE 5TH |
Montgomery Biscuits batting - Pitching for Chattanooga Lookouts : RHP Willie Romero
|
Batting: RHB Roberto Aispuro
|
0-0: Ball 1-0: Swinging Strike 1-1: Swinging Strike 1-2: Foul Ball, location: 2F 1-2: Strikes out looking
|
Batting: LHB Angel Ruvalcaba
|
0-0: Called Strike 0-1: Ball 1-1: Called Strike 1-2: Strikes out swinging
|
Batting: RHB Dave Galloway
|
0-0: Ball 1-0: Foul Ball, location: 2F 1-1: Ball 2-1: Ground out 6-3 (Groundball, 6D, EV 108.8 MPH)
|
Bottom of the 5th over - 0 runs, 0 hits, 0 errors, 0 left on base; Chattanooga 3 - Montgomery 0 |
TOP OF THE 6TH |
Chattanooga Lookouts batting - Pitching for Montgomery Biscuits : LHP Frank Rodriguez
|
Batting: RHB Michael McDonald
|
0-0: Called Strike 0-1: Foul Ball, location: 2F 0-2: Strikes out swinging
|
Batting: RHB David Nardone
|
0-0: Called Strike 0-1: Ball 1-1: SINGLE (Line Drive, 4MD, EV 95.0 MPH)
|
Batting: RHB Nick Phipps
|
0-0: Ball 1-0: Ball David Nardone steals 2nd base 2-0: Ball 3-0: Base on Balls
|
Batting: RHB John Dew
|
0-0: Ball 1-0: Called Strike 1-1: Called Strike 1-2: Ball 2-2: Ball 3-2: Base on Balls David Nardone to third Nick Phipps to second
|
Pitching: RHP Jaime Astacio
|
|
Batting: SHB Manny Molina
|
0-0: Foul Ball, location: 2F 0-1: Ball 1-1: Foul Ball, location: 2F 1-2: Strikes out looking
|
Batting: SHB Matt Urbani
|
0-0: Ball 1-0: Called Strike 1-1: Swinging Strike 1-2: Ball 2-2: Strikes out swinging
|
Top of the 6th over - 0 runs, 1 hit, 0 errors, 3 left on base; Chattanooga 3 - Montgomery 0 |
BOTTOM OF THE 6TH |
Montgomery Biscuits batting - Pitching for Chattanooga Lookouts : RHP Willie Romero
|
Batting: RHB Khalil Walker
|
0-0: Foul Ball, location: 2F 0-1: Swinging Strike 0-2: SINGLE (Groundball, P, EV 85.6 MPH) (infield hit)
|
Batting: RHB James Huddleston
|
0-0: Called Strike 0-1: Called Strike 0-2: Foul Ball, location: 2F 0-2: Grounds into double play, 4-6-3 (Groundball, 4, EV 83.1 MPH)
|
Batting: SHB Joey Pacheco
|
0-0: Ball 1-0: Ball 2-0: Ball 3-0: Base on Balls
|
Pitching: LHP John Pedlar
|
|
Batting: RHB Alex Diaz
|
0-0: SINGLE (Groundball, 56D, EV 100.0 MPH) Joey Pacheco to second Runner from 2nd tries for 3rd, SAFE, throw by LF made to third Alex Diaz to second
|
Batting: LHB Eric Toney
|
0-0: Called Strike 0-1: Ground out 5-3 (Groundball, 56, EV 101.2 MPH)
|
Bottom of the 6th over - 0 runs, 2 hits, 0 errors, 2 left on base; Chattanooga 3 - Montgomery 0 |
TOP OF THE 7TH |
Chattanooga Lookouts batting - Pitching for Montgomery Biscuits : RHP Jaime Astacio
|
Batting: LHB Marshall Daul
|
0-0: Ball 1-0: Ball 2-0: Called Strike 2-1: Ground out 1-3 (Groundball, 34S, EV 61.2 MPH)
|
Batting: RHB Leo Gonzalez
|
0-0: Ball 1-0: Called Strike 1-1: Ball 2-1: Ball 3-1: Swinging Strike 3-2: Strikes out swinging
|
Batting: LHB Israel Montoya
|
0-0: Ball 1-0: Foul Ball, location: 2F 1-1: Ball 2-1: Ball 3-1: Base on Balls
|
Batting: RHB Michael McDonald
|
0-0: Ball 1-0: Called Strike 1-1: Fly out, F8 (Flyball, 78D, EV 93.8 MPH)
|
Top of the 7th over - 0 runs, 0 hits, 0 errors, 1 left on base; Chattanooga 3 - Montgomery 0 |
BOTTOM OF THE 7TH |
Montgomery Biscuits batting - Pitching for Chattanooga Lookouts : LHP John Pedlar
|
Batting: LHB Rich Matthews
|
0-0: Ball 1-0: Ground out 4-3 (Groundball, 4, EV 82.5 MPH)
|
Batting: RHB Roberto Aispuro
|
0-0: Ground out 5-3 (Groundball, 56S, EV 67.5 MPH)
|
Batting: LHB Angel Ruvalcaba
|
0-0: Ball 1-0: Foul Ball, location: 2F 1-1: Reached on error, E4 (Groundball, 34D, EV 83.8 MPH)
|
Batting: RHB Dave Galloway
|
0-0: Called Strike 0-1: Ground out 5-3 (Groundball, 56, EV 86.9 MPH)
|
Bottom of the 7th over - 0 runs, 0 hits, 1 error, 1 left on base; Chattanooga 3 - Montgomery 0 |
TOP OF THE 8TH |
Chattanooga Lookouts batting - Pitching for Montgomery Biscuits : RHP Jaime Astacio
|
Batting: RHB David Nardone
|
0-0: Ball 1-0: Called Strike 1-1: Ball 2-1: Ball 3-1: Base on Balls
|
Batting: RHB Nick Phipps
|
0-0: Called Strike 0-1: Sac Bunt to 13S - play at first, batter OUT! 1-3 David Nardone to second
|
Batting: RHB John Dew
|
0-0: Fly out, F9 (Flyball, 9D, EV 95.0 MPH) Runner from 2nd tags up, SAFE at 3rd, no throw by RF
|
Batting: SHB Manny Molina
|
0-0: Foul Ball, location: 2F 0-1: Ball 1-1: Ball 2-1: Ground out 4-3 (Groundball, 4, EV 86.2 MPH)
|
Top of the 8th over - 0 runs, 0 hits, 0 errors, 1 left on base; Chattanooga 3 - Montgomery 0 |
BOTTOM OF THE 8TH |
Montgomery Biscuits batting - Pitching for Chattanooga Lookouts : LHP John Pedlar
|
Pitching: RHP Matt Lundy
|
|
Batting: RHB Khalil Walker
|
0-0: Ball 1-0: Ball 2-0: Called Strike 2-1: Ground out 4-3 (Groundball, 4M, EV 101.9 MPH)
|
Batting: RHB James Huddleston
|
0-0: Ball 1-0: Called Strike 1-1: Ball 2-1: Foul Ball, location: 2F 2-2: Strikes out looking
|
Batting: SHB Joey Pacheco
|
0-0: Foul Ball, location: 2F 0-1: Ball 1-1: Ball 2-1: Swinging Strike 2-2: Strikes out swinging
|
Bottom of the 8th over - 0 runs, 0 hits, 0 errors, 0 left on base; Chattanooga 3 - Montgomery 0 |
TOP OF THE 9TH |
Chattanooga Lookouts batting - Pitching for Montgomery Biscuits : RHP Jaime Astacio
|
Pitching: RHP David Espinosa
|
|
Batting: SHB Matt Urbani
|
0-0: Ball 1-0: Called Strike 1-1: Swinging Strike 1-2: Strikes out swinging
|
Batting: LHB Marshall Daul
|
0-0: Ball 1-0: Swinging Strike 1-1: Ball 2-1: Ball 3-1: Base on Balls
|
Batting: RHB Leo Gonzalez
|
0-0: Called Strike Marshall Daul steals 2nd base 0-1: Foul Ball, location: 2F 0-2: Ball 1-2: Ball 2-2: Ball 3-2: Ground out 6-3 (Groundball, 6, EV 79.4 MPH) Marshall Daul to third
|
Batting: LHB Israel Montoya
|
0-0: DOUBLE (Flyball, 89XD, EV 100.6 MPH) Marshall Daul scores
|
Batting: RHB Michael McDonald
|
0-0: Ball 1-0: Foul Ball, location: 2F 1-1: Ball 2-1: Ball 3-1: Base on Balls
|
Batting: RHB David Nardone
|
0-0: Ball 1-0: Ball 2-0: Ground out 4-3 (Groundball, 4, EV 83.1 MPH)
|
Top of the 9th over - 1 run, 1 hit, 0 errors, 2 left on base; Chattanooga 4 - Montgomery 0 |
BOTTOM OF THE 9TH |
Montgomery Biscuits batting - Pitching for Chattanooga Lookouts : RHP Matt Lundy
|
Pitching: RHP Bruce Wight
|
|
Batting: RHB Alex Diaz
|
0-0: Ball 1-0: Foul Ball, location: 2F 1-1: Ball 2-1: Ground out U3 (Groundball, 34, EV 86.9 MPH)
|
Batting: LHB Eric Toney
|
0-0: Swinging Strike 0-1: Called Strike 0-2: SINGLE (Line Drive, 78S, EV 93.8 MPH)
|
Batting: LHB Rich Matthews
|
0-0: Fielders Choice at 2nd, 3-6 (Groundball, 3, EV 91.2 MPH)
|
Batting: RHB Roberto Aispuro
|
0-0: Ball 1-0: Foul Ball, location: 2F 1-1: Swinging Strike 1-2: Strikes out swinging
|
Bottom of the 9th over - 0 runs, 1 hit, 0 errors, 1 left on base; Chattanooga 4 - Montgomery 0 |
|